 Dungeon Crawl Stone Soup version 0.22.0-18-ge075c0d (webtiles) character file.

11137 Amnesiac the Destroyer (level 11, 0/68 HPs)
             Began as a Mummy Air Elementalist on Aug 18, 2018.
             Was a High Priest of Dithmenos.
             Slain by an ettin
             ... wielding a +0 dire flail
              (22 damage)
             ... on level 10 of the Dungeon.
             The game lasted 00:22:18 (10709 turns).

Amnesiac the Destroyer (Mummy Air Elementalist)    Turns: 10709, Time: 00:22:19

Health: 0/68       AC:  9    Str: 12    XL:     11   Next: 45%
Magic:  5/24       EV: 12    Int: 23    God:    Dithmenos [*****.]
Gold:   440        SH:  0    Dex: 10    Spells: 14/29 levels left

rFire    . . .     SeeInvis .   a - staff of conjuration
rCold    + + .     Gourm    .   (no shield)
rNeg     + + +     Faith    .   s - +2 robe {rN+}
rPois    ∞         Spirit   .   (no helmet)
rElec    +         Reflect  .   p - scarf {rC+ rF+}
rCorr    .         Harm     .   G - +2 pair of gloves of the Well-Known Dances {rElec rN+ Regen+ Stlth-}
MR       ++...                  i - +1 pair of boots of a labyrinth {rElec MR+ Int+5 Dex-2}
Stlth    +.........             u - amulet of magic regeneration
HPRegen  0.61/turn              (no ring)
MPRegen  0.44/turn              (no ring)

@: about to teleport, wreathed by umbra
A: no food or potions, fire vulnerability, cold resistance 1, negative energy
resistance 3, torment resistance, unbreathing
a: Shadow Step, Shadow Form, Renounce Religion


You were on level 10 of the Dungeon.
You worshipped Dithmenos.
Dithmenos was extremely pleased with you.
You were not hungry.

You visited 2 branches of the dungeon, and saw 11 of its levels.

You collected 1030 gold pieces.
You spent 590 gold pieces at shops.

Inventory:

Hand Weapons
 b - a +0 blowgun
 C - a +3 vampiric scimitar
Missiles
 t - 70 poisoned needles
Armour
 h - a scarf of spirit shield
 i - the +1 pair of boots of a labyrinth (worn) {rElec MR+ Int+5 Dex-2}
   (You bought it in a shop on level 8 of the Dungeon)

   It affects your intelligence (+5).
   It affects your dexterity (-2).
   It insulates you from electricity.
   It affects your resistance to hostile enchantments.
 p - a scarf of resistance (worn)
 s - a +2 robe of positive energy (worn)
 z - a -1 shield
 G - the +2 pair of gloves of the Well-Known Dances (worn) {rElec rN+ Regen+ Stlth-}
   (You bought it in a shop on level 8 of the Dungeon)

   It insulates you from electricity.
   It protects you from negative energy.
   It increases your rate of regeneration.
   It makes you less stealthy.
Magical Staves
 a - an uncursed staff of conjuration (weapon)
 f - an uncursed staff of energy
 E - an uncursed staff of fire
Jewellery
 n - an uncursed ring of teleportation
 u - an amulet of magic regeneration (around neck)
Wands
 g - a wand of iceblast (8)
 k - a wand of digging (29)
 v - a wand of flame (81)
 w - a wand of random effects (28)
 x - a wand of paralysis (22)
 y - a wand of scattershot (4)
 A - a wand of acid (5)
 B - a wand of enslavement (10)
 D - a wand of polymorph (10)
 F - a wand of disintegration (16)
Scrolls
 c - 4 scrolls of fear {!r}
 d - 3 scrolls of teleportation {!r}
 e - 2 scrolls of vulnerability {!r}
 j - a scroll of fog {!r}
 l - 2 scrolls of brand weapon {!r}
 o - a scroll of magic mapping {!r}
 q - 2 scrolls of identify {!r}
 r - a scroll of remove curse {!r}


   Skills:
 - Level 1.5 Dodging
 - Level 1.5 Stealth
 + Level 9.7 Spellcasting
 * Level 9.8 Conjurations
 * Level 9.7 Air Magic
 + Level 3.1 Evocations


You had 14 spell levels left.
You knew the following spells:

 Your Spells              Type           Power        Failure   Level  Hunger
a - Airstrike             Air            ######....   1%          4    N/A
b - Confusing Touch       Hex            ##....       6%          1    N/A
c - Apportation           Tloc           ##....       6%          1    N/A
d - Lightning Bolt        Conj/Air       ######....   3%          5    N/A
e - Shock                 Conj/Air       ####         1%          1    N/A
f - Summon Small Mammal   Summ           ##..         6%          1    N/A
z - Swiftness             Chrm/Air       ####....     1%          2    N/A

Your spell library contained the following spells:

 Spells                   Type           Power        Failure   Level  Hunger
 Static Discharge         Conj/Air       ######..     1%          3    N/A
 Animate Skeleton         Necr           N/A          6%          1    N/A

Dungeon Overview and Level Annotations

Branches:
Dungeon (10/15)            Temple (1/1) D:5            Lair (0/6) D:9
    Orc: D:9-12

Altars:
Ashenzari
Cheibriados
Dithmenos
Elyvilon
Fedhas
Gozag
Hepliaklqana
Kikubaaqudgha
Makhleb
Nemelex Xobeh
Okawaru
Qazlal
Ru
Sif Muna
Trog
Uskayaw
Vehumet
Wu Jian
Xom
Yredelemnul
Zin
The Shining One
Beogh

Shops:
D:8 [   D:9 =   D:10 %

Annotations:
D:9 gold mine


Innate Abilities, Weirdness & Mutations

You do not eat or drink.
Your flesh is vulnerable to fire.
You are immune to poison.
Your flesh is cold resistant. (rC+)
You are immune to negative energy. (rN+++)
You are immune to unholy pain and torment.
You can survive without breathing.


Message History

The orc warrior is moderately wounded.
The zap hits the orc wizard.
The orc wizard is heavily wounded.
The zap hits the orc wizard.
The orc wizard is heavily wounded.
Casting: Shock (safe; 1% risk of failure)
Confirm with . or Enter, or press ? or * to list all spells.
Aiming: Shock (safe; 1% risk of failure)
Press: ? - help, Shift-Dir - straight line, f/p - orc wizard
Aim: an orc wizard, wielding a dagger of venom and wearing a robe (heavily wounded, fast, umbra)
You feel a surge of power!
The zap misses the orc warrior.
The zap hits the orc wizard.
You kill the orc wizard!
Dithmenos accepts your kill.
The zap hits the ettin.
The ettin is lightly wounded.
The orc warrior hits you with a war axe!
Casting: Shock (safe; 1% risk of failure)
Confirm with . or Enter, or press ? or * to list all spells.
Aiming: Shock (safe; 1% risk of failure)
Press: ? - help, Shift-Dir - straight line, f - orc warrior
Aim: an orc warrior, wielding a war axe and wearing a plate armour (moderately wounded, umbra)
You feel a surge of power!
The zap hits the orc warrior.
The orc warrior is heavily wounded.
The zap hits the orc wizard.
The orc wizard is almost dead.
The zap hits the troll.
The troll appears unharmed.
The orc warrior barely misses you.
Casting: Shock (safe; 1% risk of failure)
Confirm with . or Enter, or press ? or * to list all spells.
Aiming: Shock (safe; 1% risk of failure)
Press: ? - help, Shift-Dir - straight line, f/p - orc warrior
Aim: an orc warrior, wielding a war axe and wearing a plate armour (heavily wounded, umbra)
You feel a surge of power!
The zap hits the orc warrior.
The orc warrior appears unharmed.
The orc warrior is heavily wounded.
The zap hits the orc wizard.
You kill the orc wizard!
Dithmenos accepts your kill.
The zap hits the ettin.
The ettin is lightly wounded.
The zap hits the orc priest.
The orc priest is heavily wounded.
There is a transporter here.
Things that are here:
an enchanted hand axe; a plate armour The orc wizard shouts!
Really read
d - 4 scrolls of teleportation {!r}?
As you read the scroll of teleportation {!r}, it crumbles to dust.
You feel strangely unstable.
Casting: Shock (safe; 1% risk of failure)
Confirm with . or Enter, or press ? or * to list all spells.
Okay, then.
Casting: Shock (safe; 1% risk of failure)
Confirm with . or Enter, or press ? or * to list all spells.
The orc wizard gestures at you while chanting.
The puff of flame misses you.
The puff of flame hits the ettin.
Casting: Summon Small Mammal (safe; 6% risk of failure)
Confirm with . or Enter, or press ? or * to list all spells.
The ettin hits you with a dire flail!!!
Ouch! That really hurt!
* * * LOW HITPOINT WARNING * * *
You emit a cloud of dark smoke.
The ettin hits you with a dire flail!!
You die...

#.# ##)###########.......#
#.# #.©.# #.......### #.#
##### #.......... #.#
########### ##.....#### #.#
##...T©)o..## ##...## #
#.####.oo#####...# ##.## #
#...##....#.#..or# #.#
).####.#o.o.|..#C# #.#
).(###.##.8%8.##@# #.#
....##.#..$_$..#o#########.#
.#.###.##.8)8.##b##........#
.#.# #o#../|)..#.###########
.#.# #))..#:#....# .#.#
#.).#####)..################
.#.#
##....©.oo.###..............
.#.# ###########
############### .#.###
####### #.......#


You could see an ettin, an orc warrior, an orc wizard, a friendly bat and a
friendly rat.

Vanquished Creatures
  A two-headed ogre (D:8)
  3 death yaks (D:9)
  An orc sorcerer (D:10)
  A centaur zombie (D:10)
  Maurice (D:9)
  2 trolls (D:10)
  A hippogriff (D:9)
  Sigmund (D:2)
  Grum (D:9)
  4 yaks (D:8)
  2 hungry ghosts (D:6)
  A water moccasin (D:7)
  6 ice beasts
  4 sky beasts
  2 black bears
  2 eyes of draining (D:10)
  11 orc warriors
  9 ogres
  2 wolves (D:9)
  5 centaurs
  2 big kobolds
  3 bullfrogs
  A wyvern skeleton (D:10)
  2 scorpions
  5 killer bees (D:9)
  4 wights
  2 electric eels (D:6)
  5 jellies
  3 hounds
  5 orc priests
  2 centaur skeletons
  2 bullfrog skeletons
  8 orc wizards
  3 iguanas
  Jessica (D:2)
  2 worker ants (D:7)
  2 hell rats (D:9)
  A hound zombie (D:6)
  6 hound skeletons
  A howler monkey zombie (D:7)
  2 worker ant zombies (D:6)
  11 adders
  A shadow imp (D:6)
  An adder zombie (D:8)
  3 adder skeletons
  2 worms
  2 dart slugs
  6 leopard geckos
  69 orcs
  6 giant cockroaches
  10 goblins
  6 hobgoblins
  15 jackals
  6 quokkas
  2 ball pythons
  11 bats
  4 frilled lizards
  18 kobolds
  A leopard gecko skeleton (D:7)
  8 rats
304 creatures vanquished.

Notes
Turn   | Place    | Note
-------+----------+-------------------------------------------
     0 | D:1      | Amnesiac the Mummy Air Elementalist began the quest for the Orb.
     0 | D:1      | Reached XP level 1. HP: 13/13 MP: 4/4
    87 | D:2      | Reached XP level 2. HP: 19/19 MP: 0/5
   154 | D:2      | Noticed Jessica
   169 | D:2      | Killed Jessica
   169 | D:2      | Reached XP level 3. HP: 24/24 MP: 0/8
   174 | D:2      | Learned a level 2 spell: Swiftness
   267 | D:2      | Noticed Sigmund
   627 | D:4      | Reached XP level 4. HP: 29/30 MP: 4/10
   641 | D:4      | Learned a level 4 spell: Airstrike
   672 | D:4      | Noticed an ogre
   706 | D:4      | Killed an ogre
   706 | D:4      | Reached XP level 5. HP: 35/35 MP: 3/13
   769 | D:4      | Learned a level 5 spell: Lightning Bolt
   908 | D:4      | Noticed a centaur
   919 | D:4      | Killed a centaur
  1188 | D:4      | Reached XP level 6. HP: 37/41 MP: 0/15
  1288 | D:4      | Learned a level 1 spell: Apportation
  1290 | D:4      | Learned a level 1 spell: Confusing Touch
  1292 | D:4      | Learned a level 1 spell: Summon Small Mammal
  1294 | D:4      | Learned a level 1 spell: Animate Skeleton
  1295 | D:5      | Entered Level 5 of the Dungeon
  1295 | D:5      | Noticed an ice beast
  1304 | D:5      | Killed an ice beast
  1585 | D:4      | Found a basalt altar of Yredelemnul.
  1646 | D:4      | Found a white marble altar of Elyvilon.
  1963 | D:5      | Reached skill level 5 in Air Magic
  2159 | D:5      | Reached XP level 7. HP: 36/46 MP: 4/16
  2579 | D:5      | Found a staircase to the Ecumenical Temple.
  2591 | Temple   | Entered the Ecumenical Temple
  2703 | Temple   | Became a worshipper of Dithmenos the Shadowed
  2950 | D:1      | Reached * piety under Dithmenos
  3550 | D:2      | Killed Sigmund
  3926 | D:2      | Found a bloodstained altar of Trog.
  4228 | D:3      | Reached ** piety under Dithmenos
  4751 | D:5      | Reached XP level 8. HP: 43/52 MP: 9/18
  5312 | D:6      | Found a transporter.
  5327 | D:6      | Found a transporter.
  5954 | D:6      | Reached *** piety under Dithmenos
  6132 | D:6      | Reached skill level 1 in Conjurations
  6132 | D:6      | Reached XP level 9. HP: 54/57 MP: 12/21
  6218 | D:7      | Found a burning altar of Makhleb.
  6302 | D:7      | Identified a scroll of acquirement {!r}
  6833 | D:8      | Reached skill level 5 in Conjurations
  7011 | D:8      | Found Guikhoeg's Antique Armour Shop.
  7021 | D:8      | Bought an embroidered robe for 96 gold pieces
  7032 | D:8      | Bought a pair of shimmering boots for 247 gold pieces
  7037 | D:8      | Identified the +1 pair of boots of a labyrinth {rElec MR+ Int+5 Dex-2} (You bought it in a shop on level 8 of the Dungeon)
  7068 | D:8      | Reached XP level 10. HP: 49/63 MP: 13/22
  7291 | D:8      | Noticed a two-headed ogre
  7298 | D:8      | Killed a two-headed ogre
  7361 | D:9      | Reached **** piety under Dithmenos
  7383 | D:9      | Found a sacrificial altar of Ru.
  7386 | D:9      | Found an iron altar of Okawaru.
  7388 | D:9      | Found a radiant altar of Vehumet.
  7984 | D:9      | Found a roughly hewn altar of Beogh.
  8039 | D:9      | Noticed a death yak
  8105 | D:9      | Killed a death yak
  8105 | D:9      | Reached skill level 1 in Evocations
  8127 | D:9      | Noticed a death yak
  8138 | D:9      | Found a staircase to the Lair.
  8142 | D:9      | Reached ***** piety under Dithmenos
  8143 | D:9      | Noticed Grum
  8154 | D:9      | Killed Grum
  8221 | D:9      | Noticed a death yak
  8237 | D:9      | Killed a death yak
  8247 | D:9      | Killed a death yak
  8247 | D:9      | Reached XP level 11. HP: 57/68 MP: 0/24
  8557 | D:9      | Noticed Maurice
  8575 | D:9      | Killed Maurice
  8621 | D:9      | Found Lebatovo's Jewellery Boutique.
  8824 | D:8      | Bought a pair of ichor-stained gloves for 247 gold pieces
  8834 | D:8      | Identified the +2 pair of gloves of the Well-Known Dances {rElec rN+ Regen+ Stlth-} (You bought it in a shop on level 8 of the Dungeon)
  8953 | D:10     | Entered Level 10 of the Dungeon
  9240 | D:10     | Found a transporter.
  9474 | D:10     | Found Rifuq's Food Emporium.
 10030 | D:10     | Noticed an ettin
 10030 | D:10     | Noticed an orc sorcerer
 10030 | D:10     | Found a roughly hewn altar of Beogh.
 10049 | D:10     | Found a transporter.
 10675 | D:10     | Killed an orc sorcerer
 10709 | D:10     | Slain by an ettin

Skill      XL: |  1  2  3  4  5  6  7  8  9 10 11 |
---------------+----------------------------------+-----
Air Magic      | 3 4 5 7 8 9 |  9.7
Spellcasting   | 3 4 6 8 9 |  9.7
Conjurations   | 1 7 9 |  9.8
Evocations     | 2 3 |  3.1
Dodging        | |  1.5
Stealth        | |  1.5

Action                   |  1- 3 |  4- 6 |  7- 9 | 10-12 || total
-------------------------+-------+-------+-------+-------++-------
Melee: Dagger            |    11 |     3 |       |       ||    14
       Falchion          |       |       |    82 |       ||    82
       Scimitar          |       |       |    40 |     7 ||    47
       Staff             |       |       |       |     3 ||     3
 Cast: Shock             |    32 |   107 |   130 |   126 ||   395
       Airstrike         |       |       |   121 |   110 ||   231
       Lightning Bolt    |       |       |       |    14 ||    14
       Confusing Touch   |       |       |       |     1 ||     1
       Summon Small Mamm |       |       |       |     2 ||     2
  Use: Scroll            |       |       |    15 |     3 ||    18
Armor: Robe              |     2 |     8 |    44 |    23 ||    77
Dodge: Dodged            |    22 |    27 |   226 |    51 ||   326
       Rpst.: Falchion   |       |       |    39 |       ||    39
       Scimitar          |       |       |    24 |     5 ||    29
